 Dungeon Crawl Stone Soup version 0.31.0-32-g396128a36d (webtiles) character file.

Game seed: 7998325110874965089

1750236 LordWeiramon the Cutthroat (level 27, 192/199 HPs)
             Began as a Kobold Hedge Wizard on Mar 26, 2024.
             Was the Champion of Ashenzari.
             Escaped with the Orb
             ... and 3 runes!
             The game lasted 03:59:02 (61259 turns).

LordWeiramon the Cutthroat (Kobold Hedge Wizard)   Turns: 61259, Time: 03:59:03

Health: 192/199    AC: 37    Str: 19    XL:     27
Magic:  37/37      EV: 44    Int: 19    God:    Ashenzari [******]
Gold:   6507       SH: 18    Dex: 30    Spells: 33/47 levels left

rFire   + . .        a - +9 rapier "Share My Malaise" {speed, Melee, Cun} (curse)
rCold   + . .        w - +1 kite shield of Ashenzari's Suspicion {rC+, Bglg, Self} (curse)
rNeg    . . .        G - +7 swamp dragon scales "Shattered Restlessness" {rPois, Bglg, Fort} (curse)
rPois   +            q - +1 helmet of the Fated Scepticism {Elem, Self} (curse)
rElec   .            U - +2 cloak "Share My Repose" {Stlth+, Dev, Self} (curse)
rCorr   .            i - +1 pair of gloves of the Sibylline God {Str+3 Dex+4, Dev, Cun} (curse)
SInv    +            b - +1 pair of boots of Ashenzari's Secrets {Str+3, Fort, Sorc} (curse)
Will    ++...        M - amulet of Curses and Power {Regen+, Elem, Melee} (curse)
Stlth   ++++         E - ring of Curses and Power {rF+, Bglg, Fort} (curse)
HPRegen 1.33/turn    l - ring "Astral Inaction" {^Drain AC+4 Str+4 Int+3 Slay+6, Range, Cun} (curse)
MPRegen 0.25/turn

%: clarity
@: hasted, very quick
A: small, no large weapons, nightstalker 3, inability to drink after injury 1
0: Orb of Zot
}: 3/15 runes: decaying, silver, gossamer
a: Renounce Religion, Shatter the Chains


You escaped.
You worshipped Ashenzari.
Ashenzari was exalted by your worship.
You visited 9 branches of the dungeon, and saw 47 of its levels.
You also visited: Trove and Bailey.

You collected 8175 gold pieces.
You spent 1668 gold pieces at shops.

Inventory:

Hand Weapons
 a - the cursed +9 rapier "Share My Malaise" (weapon) {speed, Melee, Cun}
   (You found it on level 3 of the Elven Halls)

   It has a curse which improves the following skills: Melee Combat: Short
   Blades, Long Blades, Axes, Maces & Flails, Polearms, Staves and Unarmed
   Combat.
   Cunning:   Dodging and Stealth.
Missiles
 h - 19 curare-tipped darts
 s - 33 poisoned darts
 F - 4 atropa-tipped darts
 X - 2 throwing nets (quivered)
Armour
 b - the cursed +1 pair of boots of Ashenzari's Secrets (worn) {Str+3, Fort, Sorc}
   (You acquired it on level 3 of the Elven Halls)

   Str+3:     It affects your strength (+3).
   It has a curse which improves the following skills: Fortitude: Armour and
   Shields.
   Sorcery:   Conjurations and Alchemy.
 i - the cursed +1 pair of gloves of the Sibylline God (worn) {Str+3 Dex+4, Dev, Cun}
   (You found it on level 3 of the Elven Halls)

   Str+3:     It affects your strength (+3).
   Dex+4:     It affects your dexterity (+4).
   It has a curse which improves the following skills: Devices: Evocations and
   Shapeshifting.
   Cunning:   Dodging and Stealth.
 q - the cursed +1 helmet of the Fated Scepticism (worn) {Elem, Self}
   (You took it off Robin on level 3 of the Dungeon)

   It has a curse which improves the following skills: Elements: Fire Magic, Ice
   Magic, Air Magic and Earth Magic.
   Introspection: Fighting and Spellcasting.
 w - the cursed +1 kite shield of Ashenzari's Suspicion (worn) {rC+, Bglg, Self}
   (You took it off a vault guard on level 4 of the Vaults)

   It has a curse which improves the following skills: Beguiling: Hexes and
   Translocations.
   Introspection: Fighting and Spellcasting.
 G - the cursed +7 swamp dragon scales "Shattered Restlessness" (worn) {rPois, Bglg, Fort}
   (You found it on level 2 of the Swamp)

   rPois:     It protects you from poison It has a curse which improves the
   following skills: Beguiling: Hexes and Translocations.
   Fortitude: Armour and Shields.
 U - the cursed +2 cloak "Share My Repose" (worn) {Stlth+, Dev, Self}
   (You took it off a draconian shifter on level 3 of the Realm of Zot)

   It has a curse which improves the following skills: Devices: Evocations and
   Shapeshifting.
   Introspection: Fighting and Spellcasting.
Jewellery
 d - the ring "Ohoegay" {rPois rN+ Will+ Stlth+}
   (You found it on level 3 of the Elven Halls)

   [ring of poison resistance]

   rPois:     It protects you from poison rN+: It protects you from negative
   energy.
   Will+:     It increases your willpower.
   Stlth+:    It makes you more stealthy.
 l - the cursed ring "Astral Inaction" (right hand) {^Drain AC+4 Str+4 Int+3 Slay+6, Range, Cun}
   (You took it off an orc warrior in a bailey)

   [ring of protection]

   AC+4:      It affects your AC (+4).
   Str+4:     It affects your strength (+4).
   Int+3:     It affects your intelligence (+3).
   Slay+6:    It affects your accuracy & damage with ranged weapons and melee
   (+6).
   ^Drain:    It drains your maximum health when unequipped.
   It has a curse which improves the following skills: Ranged Combat: Ranged
   Weapons and Throwing.
   Cunning:   Dodging and Stealth.
 E - the cursed ring of Curses and Power (left hand) {rF+, Bglg, Fort}
   (You took it off an orc on level 6 of the Dungeon)

   [ring of protection from fire]

   rF+:       It protects you from fire.
   It has a curse which improves the following skills: Beguiling: Hexes and
   Translocations.
   Fortitude: Armour and Shields.
 M - the cursed amulet of Curses and Power (around neck) {Regen+, Elem, Melee}
   (You found it on level 4 of the Dungeon)

   [amulet of regeneration]

   Regen+:    It increases your rate of health regeneration.
   It has a curse which improves the following skills: Elements: Fire Magic, Ice
   Magic, Air Magic and Earth Magic.
   Melee Combat: Short Blades, Long Blades, Axes, Maces & Flails, Polearms,
   Staves and Unarmed Combat.
 O - a +5 ring of evasion
Wands
 o - a wand of mindburst (53)
 u - a wand of roots (56)
 x - a wand of charming (76)
 N - a wand of flame (84)
 T - a wand of digging (35)
 W - a wand of acid (12)
Scrolls
 c - 4 scrolls of summoning
 f - 18 scrolls of teleportation
 n - 4 scrolls of blinking
 v - 8 scrolls of fog
 z - 8 scrolls of revelation
 C - 2 scrolls of poison
 H - 7 scrolls of vulnerability
 I - 6 scrolls of silence
 J - 8 scrolls of amnesia
 P - 2 scrolls of brand weapon
 Y - 2 scrolls of enchant armour
 Z - 2 scrolls of fear
Potions
 e - 3 potions of haste
 g - 8 potions of cancellation
 j - 8 potions of mutation
 k - 19 potions of curing
 m - 7 potions of ambrosia
 p - 10 potions of brilliance
 t - 12 potions of might
 A - 9 potions of enlightenment
 B - 3 potions of berserk rage
 D - 3 potions of magic
 K - 9 potions of heal wounds
 L - 9 potions of resistance
 V - a potion of invisibility
Miscellaneous
 r - a sack of spiders
 y - a lightning rod (4/4)
 Q - a tin of tremorstones (2/2)
 R - a phial of floods
 S - a phantom mirror


   Skills:
 - Level 24.0(27) Fighting
 - Level 24.4(27) Short Blades
 - Level 4.2(6.5) Throwing
 + Level 16.3(20.9) Armour
 - Level 23.5(27) Dodging
 - Level 22.8(27) Stealth
 - Level 12.1(16.8) Shields
 - Level 6.3(10.9) Spellcasting
 - Level 1.0(2.4) Conjurations
 - Level 10.1(14.8) Hexes
 - Level 1.0 Summonings
 - Level 1.0(3.5) Translocations
 - Level 2.2(4.9) Ice Magic
 - Level 10.0(13.6) Air Magic
 - Level 5.0(8.5) Earth Magic
 - Level 5.0(8.4) Evocations


You had 33 spell levels left.
You knew the following spells:

 Your Spells              Type           Power      Damage    Failure   Level
a - Passwall              Erth           42%        N/A       1%          3
b - Ensorcelled Hibernat  Hex/Ice        96%        N/A       1%          2
c - Confusing Touch       Hex            61%        N/A       1%          3
d - Slow                  Hex            100%       N/A       1%          1
s - Silence               Hex/Air        29%        N/A       1%          5

Your spell library contained the following spells:

 Spells                   Type           Power      Damage    Failure   Level
 Shock                    Conj/Air       100%       1d9       1%          1
 Jinxbite                 Hex            100%       N/A       1%          2
 Mercury Vapours          Alch/Air       72%        N/A       1%          2
 Static Discharge         Conj/Air       80%        3-7/arc   1%          2
 Dazzling Flash           Conj/Hex       86%        N/A       1%          3
 Swiftness                Air            58%        N/A       1%          3
 Airstrike                Air            29%        2d(5-21)  1%          4
 Apportation              Tloc           46%        N/A       3%          1
 Cigotuvi's Dreadful Rot  Necr/Alch/Air  56%        N/A       3%          2
 Dimensional Bullseye     Hex/Tloc       22%        N/A       3%          4
 Magic Dart               Conj           76%        1d6       4%          1
 Blink                    Tloc           46%        N/A       4%          2
 Lesser Beckoning         Tloc           46%        N/A       4%          2
 Mephitic Cloud           Conj/Alch/Air  31%        N/A       4%          3
 Vhi's Electric Charge    Tloc/Air       86%        N/A       4%          4
 Frozen Ramparts          Ice            58%        1d9       5%          3
 Momentum Strike          Conj/Tloc      42%        3d9       6%          2
 Anguish                  Hex/Necr       19%        N/A       6%          4
 Metabolic Englaciation   Hex/Ice        24%        N/A       6%          5
 Summon Lightning Spire   Summ/Air       38%        N/A       7%          4
 Foxfire                  Conj/Fire      60%        2x1d7     8%          1
 Kiss of Death            Conj/Necr      60%        2d10      9%          1
 Hailstorm                Conj/Ice       24%        3d7       9%          3
 Lee's Rapid Deconstruct  Erth           21%        3d12*     11%         5
 Summon Ice Beast         Ice/Summ       21%        N/A       12%         3
 Call Imp                 Summ           28%        N/A       13%         2
 Necrotise                Necr           40%        1d6       14%         1
 Arcjolt                  Conj/Air       20%        1d30      14%         5
 Yara's Violent Unravell  Hex/Alch       19%        3d9       16%         5
 Scorch                   Fire           24%        2d6       17%         2
 Animate Armour           Summ/Erth      56%        N/A       19%         4
 Sublimation of Blood     Necr           10%        N/A       21%         2
 Freezing Cloud           Conj/Ice/Air   18%        6-21      21%         5
 Leda's Liquefaction      Alch/Erth      13%        N/A       22%         4
 Petrify                  Alch/Erth      27%        N/A       22%         4
 Enfeeble                 Hex            30%        N/A       26%         7
 Manifold Assault         Tloc           23%        N/A       30%         4
 Fugue of the Fallen      Necr           10%        N/A       38%         3
 Vampiric Draining        Necr           10%        2d6       38%         3
 Flame Wave               Conj/Fire      15%        2d7       58%         4
 Fulminant Prism          Conj/Alch      7%         3d7       58%         4
 Conjure Ball Lightning   Conj/Air       20%        3x3d6     58%         6
 Martyr's Knell           Necr/Summ      12%        N/A       71%         4
 Ignite Poison            Fire/Alch      11%        N/A       75%         4
 Sticky Flame             Fire/Alch      11%        2d5       75%         4
 Plasma Beam              Fire/Air       18%        2x1d30    75%         6
 Dispel Undead            Necr           10%        3d9       80%         4
 Discord                  Hex            30%        N/A       89%         8
 Bombard                  Conj/Erth      15%        9d3       91%         6
 Alistair's Intoxication  Alch           7%         N/A       97%         5
 Curse of Agony           Necr           10%        N/A       98%         5
 Dispersal                Tloc           11%        N/A       99%         6
 Eringya's Noxious Bog    Alch           5%         4d6       100%        6
 Sculpt Simulacrum        Ice/Alch       10%        N/A       100%        6
 Starburst                Conj/Fire      7%         6d4       100%        6
 Summon Cactus Giant      Summ           7%         N/A       100%        6
 Haunt                    Necr/Summ      6%         N/A       100%        7
 Summon Hydra             Summ           7%         N/A       100%        7
 Borgnjor's Revivificati  Necr           5%         N/A       100%        8
 Disjunction              Tloc           11%        N/A       100%        8
 Ignition                 Fire           6%         3d4       100%        8
 Chain Lightning          Conj/Air       20%        3d26      100%        9
 Death's Door             Necr           5%         N/A       100%        9
 Fire Storm               Conj/Fire      7%         8d2       100%        9
 Shatter                  Erth           21%        3d19*     100%        9


Dungeon Overview and Level Annotations

Branches:
Dungeon (15/15)            Temple (0/1) D:7            Lair (5/5) D:10
  Swamp (4/4) Lair:2       Spider (4/4) Lair:2        Slime (0/5) Lair:4
    Orc (2/2) D:10            Elf (3/3) Orc:2        Vaults (5/5) D:13
  Crypt (0/3) Vaults:3     Depths (4/4) D:15            Zot (5/5) Depths:4
 Bailey (visited)

Altars:
Ashenzari
Elyvilon
Fedhas
Gozag
Makhleb
Nemelex Xobeh
Okawaru
Qazlal
Ru
Vehumet
Wu Jian
Xom
Zin
The Shining One
Jiyva
Lugonu

Shops:
D:1 [   D:2 :   D:6 (   D:7 *   D:11 (   Orc:1 (   Orc:2 ?(:*   Elf:3 (
Vaults:1 ?   Vaults:3 (   Vaults:5 ?   Depths:1 (

Portals:
Hell: Depths:1 Depths:2 Depths:3 Depths:4
Abyss: Lair:5 Zot:4 Depths:1 Depths:2 Depths:3 Depths:4
Pandemonium: Depths:1 Depths:2 Depths:4
Ziggurat: Depths:1

Annotations:
Zot:4 2 transporters, Wukkuola's ghost, master DsGl


Innate Abilities, Weirdness & Mutations

You are small and have problems with some larger weapons.
You are completely attuned to the shadows.
You occasionally lose the ability to drink potions when taking damage.


Message History

There is a stone staircase leading up here.
You climb upwards.
There is a stone staircase leading down here.
Things that are here:
a +1 dagger of flaming; a +0 short sword; a +0 helmet
Things that are here:
5 stones; a +0 club
There is a stone staircase leading up here.
You climb upwards.
There is a stone staircase leading down here.
You see here a +0 scale mail.
You see here a +0 club.
You see here a +0 dagger.
You hear a grinding noise.
You hear a grinding noise.
You sense a monster nearby.
A sixfirhy comes into view.
Some rock shatters into small pieces.
A cacodemon comes into view.
Okay, then.
Blink to where?
Press: ? - help, Dir - move target
As you read the scroll of blinking, it crumbles to dust.
You block the sixfirhy's attack.
You hear a grinding noise.
The cacodemon moves out of view.
You feel yourself speed up. The sixfirhy completely misses you.
You block the sixfirhy's attack. The sixfirhy barely misses you.
The sixfirhy hits you but does no damage.
An orange demon comes into view.
You block the sixfirhy's attack.
You hear a grinding noise.
You hear a grinding noise.
The sixfirhy completely misses you. The sixfirhy hits you.
The sixfirhy shocks you! You block the sixfirhy's attack. x2
You block the sixfirhy's attack.
There is a staircase leading out of the dungeon here.
The sixfirhy completely misses you. x2
You have escaped!

#.#######.#.#....##.## #.#.###
.......##.#.#.###.#.## #.#.# #
#.####.##.#...# #....# ##.#.#
#.# #)##.###>###.#..#####....#
#.# #.##........##...........#
###################.######....#
∩##∩∩###∩##∩.# #...# #####..#
.............#####...# #......#
...............3@#...###.....##
................##...........#
...............#########.....#
.............### ### #.[...#
....#.##∩∩∩#######.# ###.###
...#∩..##### #..#.#######.#
...#....# #..#.........#
.......## #..###########
...##.## #..#


You could see a sixfirhy.

Vanquished Creatures
  2 dread liches
  2 ancient liches
  6 orbs of fire
  Mara (Depths:1)
  2 juggernauts
  Mennas (Vaults:2)
  Sojobo (Depths:4)
  A curse toe (Zot:4)
  Parghit (Zot:4)
  5 Killer Klowns (Zot:5)
  Bai Suzhen (Depths:1)
  A caustic shrike (Depths:2)
  7 golden dragons
  A bone dragon (Depths:4)
  Arachne (Spider:2)
  The ghost of cdecastro the Gelid, an adept HuIE of Lugonu (Depths:3)
  An electric golem (Zot:5)
  26 tentacled monstrosities
  Zenata (Elf:1)
  A walking crystal tome (Depths:3)
  22 Orb Guardians (Zot:5)
  2 titans
  4 liches
  2 deep elf blademasters (Elf:3)
  9 quicksilver dragons
  2 deep elf master archers (Elf:3)
  An ancient champion (Vaults:3)
  7 sphinxes
  6 death cobs
  Gastronok (Lair:1)
  9 tengu reavers
  13 shadow dragons
  Donald (Vaults:2)
  3 daevas (Depths:1)
  24 storm dragons
  5 protean progenitors
  4 draconian shifters
  4 draconian knights
  2 draconian monks (Zot:4)
  9 fire giants
  8 frost giants
  7 emperor scorpions
  20 vault wardens
  9 deep elf sorcerers
  4 draconian scorchers
  2 orc warlords
  5 ghost moths
  3 iron dragons
  2 cacodemons
  4 deep elf elementalists
  2 draconian annihilators
  2 draconian stormcallers
  19 ironbound preservers
  15 very ugly things
  3 formless jellyfish
  2 spriggan defenders
  5 broodmothers (Spider:4)
  A reaper (Depths:4)
  14 stone giants
  13 green draconians
  7 deep elf demonologists
  3 vampire knights
  10 ironbound thunderhulks
  9 deep elf death magi
  4 black draconians
  3 spark wasps (Depths:1)
  4 eleionomae
  Nessos (D:15)
  2 red draconians (Zot:4)
  10 white draconians
  The ghost of Dootley the Carver, a journeyman FoFi of Dithmenos (Orc:1)
  3 bunyips
  A bunyip (shapeshifter) (Vaults:5)
  13 purple draconians
  10 dire elephants
  6 deep elf annihilators
  11 yellow draconians
  11 ettins
  A shambling mangrove (Swamp:4)
  2 jiangshi (Depths:2)
  A green death (D:14)
  9 fire dragons
  An entropy weaver (shapeshifter) (D:15)
  2 deep elf high priests (Elf:3)
  23 yaktaur captains
  6 ice dragons
  25 vault guards
  5 rakshasas
  11 entropy weavers
  6 great orbs of eyes
  Harold (D:10)
  2 peacekeepers (Vaults:3)
  A spriggan zombie (Depths:2)
  4 jorogumos
  2 ghost crabs
  2 two-headed ogres
  19 hydras
  19 centaur warriors
  The ghost of Miapteck the Slicer, a journeyman DsCK of Xom (D:12)
  3 alligators
  7 ironbound frosthearts
  25 dancing weapons
  2 radroaches
  5 spriggan air magi
  2 death knights
  5 deep troll shamans
  2 catoblepae
  3 thrashing horrors (Lair:5)
  4 tengu warriors
  8 boulder beetles
  4 demonic crawlers
  5 occultists
  7 deep troll earth magi
  3 orc high priests (Orc:2)
  Urug (Lair:4)
  4 vampire magi
  22 deep elf knights
  3 sun demons
  3 spriggan berserkers
  Sonja (Lair:4)
  9 iron trolls
  A skyshark (Lair:5)
  A sixfirhy (Depths:1)
  A skeletal warrior (Vaults:3)
  5 pharaoh ants
  Lodul (D:10)
  2 spriggan druids
  6 goliath frogs
  13 swamp dragons
  An orb spider (shapeshifter) (Depths:3)
  68 deep trolls
  8 deep elf archers
  A flayed ghost (Depths:2)
  10 arcanists
  A bog body (Swamp:4)
  A sun moth (Spider:4)
  11 orb spiders
  5 glowing orange brains
  A shadow demon (Zot:4)
  3 phantasmal warriors (Vaults:5)
  25 ironbound convokers
  8 orc knights
  4 lindwurms
  2 sun moths (shapeshifter)
  25 deep elf pyromancers
  29 deep elf zephyrmancers
  11 harpies
  4 necromancers
  7 wolf spider zombies
  A tengu skeleton (Depths:2)
  8 orc sorcerers
  17 wolf spiders
  46 ugly things
  4 steelbarb worms (Spider:4)
  10 cyclopes
  3 oklob plants
  15 elephants (Lair:4)
  A salamander (shapeshifter) (Vaults:5)
  2 manticores (D:13)
  Joseph (D:10)
  A black mamba (shapeshifter) (Elf:2)
  A meliai (shapeshifter) (D:15)
  A stone giant skeleton (Depths:2)
  25 vault sentinels
  4 meliai
  A rust devil (Depths:4)
  28 moths of wrath
  2 kobold blastminers
  A centaur zombie (D:15)
  6 torpor snails
  2 black mambas (Lair:3)
  3 smoke demons (Lair:5)
  3 eyes of devastation (Zot:2)
  10 cane toads
  A gargoyle (D:11)
  An orange demon (Orc:2)
  A hellion (D:6)
  40 yaktaurs
  3 large abominations (Lair:5)
  A freezing wraith (Vaults:5)
  7 redback zombies
  7 rime drakes
  6 komodo dragons
  3 tengu conjurers
  2 red devils (Depths:2)
  10 hornets
  3 trolls
  A queen bee (shapeshifter) (Elf:1)
  A bloated husk (Swamp:2)
  A polar bear (D:12)
  3 raiju
  21 tarantellas
  9 tyrant leeches
  A glass eye (Depths:3)
  4 tarantella zombies (Spider:3)
  27 blink frogs
  12 culicivora zombies (Spider:3)
  28 slime creatures
  21 jumping spiders
  23 culicivoras
  2 vampires
  A centaur simulacrum (D:14)
  4 air elementals
  Sigmund (D:6)
  A fire elemental (Elf:1)
  9 small abominations (Lair:5)
  A wraith (D:13)
  12 spriggans
  A fire bat (Orc:2)
  5 wyverns
  2 ynoxinuls (Lair:5)
  4 shadows
  2 water elementals
  2 golden eyes (D:9)
  76 yaks
  4 basilisks
  A warg (Orc:2)
  A redback (shapeshifter) (Depths:1)
  49 redbacks
  Grum (D:10)
  19 vampire mosquitoes
  2 steam dragons (D:9)
  A swamp worm (shapeshifter) (Vaults:5)
  A chaos spawn (Lair:5)
  2 acid dragons
  14 swamp worms
  14 water moccasins
  A hell hound (Orc:2)
  17 orc warriors
  2 sky beasts
  A black bear (D:6)
  7 swamp drakes (Swamp:4)
  13 ogres
  7 centaurs
  A tengu (shapeshifter) (Lair:5)
  An ogre (shapeshifter) (D:14)
  4 boggarts (Vaults:1)
  16 wolves
  6 kobold brigands
  5 bullfrogs
  2 gnoll sergeants
  A scorpion (D:5)
  11 wights
  8 killer bees
  4 electric eels
  2 howler monkeys
  2 bombardier beetles
  2 crimson imps (D:8)
  2 jellies
  14 orc priests
  3 hounds
  23 orc wizards
  A sleepcap (D:6)
  Ijyb (D:3)
  4 iguanas
  5 hell rats (Lair:5)
  A boggart skeleton (D:15)
  A statue (D:6)
  Robin (D:3)
  19 gnolls
  11 adders
  7 white imps
  2 dart slugs
  A ribbon worm (D:1)
  65 orcs
  11 endoplasms
  A giant cockroach (D:1)
  18 goblins
  13 hobgoblins
  2 jackals (D:4)
  21 kobolds
  3 quokkas
  8 ball pythons
  5 bats
  7 frilled lizards
  3 rats
  An aspiring flesh (Zot:1)
2000 creatures vanquished.

Vanquished Creatures (collateral kills)
  A vault warden (Vaults:4)
1 creature vanquished.

Vanquished Creatures (others)
  A spark wasp (Spider:4)
  A deep elf knight (Elf:1)
  A black mamba (Lair:5)
  A bloated husk (Swamp:3)
4 creatures vanquished.

Grand Total: 2005 creatures vanquished

Notes
Turn   | Place    | Note
-------+----------+-------------------------------------------
     0 | D:1      | LordWeiramon the Kobold Hedge Wizard began the quest for
                  | the Orb.
     0 | D:1      | Reached XP level 1. HP: 10/10 MP: 4/4
    87 | D:1      | Reached skill level 1 in Short Blades
   328 | D:1      | Reached skill level 1 in Fighting
   328 | D:1      | Reached XP level 2. HP: 10/16 MP: 3/6
   663 | D:1      | Found Cocok's Armour Emporium.
   763 | D:1      | Reached XP level 3. HP: 14/20 MP: 5/7
  1063 | D:1      | Found a faded altar of an unknown god.
  1969 | D:2      | Found Axeihewe's Book Boutique.
  2004 | D:2      | Reached XP level 4. HP: 22/25 MP: 4/8
  2468 | D:2      | Learned a level 2 spell: Ensorcelled Hibernation
  2940 | D:3      | Noticed Robin
  3072 | D:3      | Reached skill level 1 in Hexes
  3475 | D:2      | Learned a level 1 spell: Slow
  3672 | D:2      | Reached XP level 5. HP: 29/29 MP: 9/9
  3884 | D:3      | Reached skill level 1 in Ice Magic
  4643 | D:3      | Noticed Ijyb
  4659 | D:3      | Killed Robin
  4660 | D:3      | Reached XP level 6. HP: 34/34 MP: 5/10
  4728 | D:3      | Reached skill level 5 in Short Blades
  5026 | D:4      | Found a glowing silver altar of Zin.
  5060 | D:4      | Noticed an ogre
  5065 | D:4      | Killed an ogre
  5066 | D:4      | Reached XP level 7. HP: 38/38 MP: 4/11
  5482 | D:4      | Found an iron altar of Okawaru.
  5655 | D:3      | Killed Ijyb
  5692 | D:5      | Entered Level 5 of the Dungeon
  5697 | D:5      | Learned a level 3 spell: Passwall
  5750 | D:5      | Reached skill level 5 in Dodging
  5982 | D:5      | Identified the +5 scale mail of Sophism {rC+ Regen+ Int+3}
  6180 | D:5      | Reached XP level 8. HP: 41/46 MP: 12/12
  6467 | D:6      | Noticed a vampire
  6539 | D:6      | Reached skill level 1 in Armour
  6722 | D:6      | Noticed Sigmund
  6740 | D:6      | Killed Sigmund
  6887 | D:6      | Found a radiant altar of Vehumet.
  6901 | D:6      | Reached skill level 5 in Armour
  6901 | D:6      | Reached XP level 9. HP: 44/50 MP: 13/13
  7084 | D:6      | Reached skill level 5 in Stealth
  7145 | D:6      | Found Houx's Weapon Shop.
  7427 | D:7      | Found a broken altar of Ashenzari.
  7432 | D:7      | Became a worshipper of Ashenzari the Shackled
  7519 | D:7      | You fall into a shaft and drop 2 floors!
  7527 | D:9      | Noticed a two-headed ogre
  7539 | D:9      | Killed a two-headed ogre
  7708 | D:8      | Found a flagged portal.
  7714 | Bailey   | Entered a bailey
  7791 | Bailey   | Reached skill level 1 in Throwing
  7791 | Bailey   | Identified the ring of Giofoahe {^Drain AC+4 Str+4 Int+3
                  | Slay+6}
  7956 | Bailey   | Reached XP level 10. HP: 62/63 MP: 14/14
  8008 | Bailey   | Found an iron altar of Okawaru.
  8264 | D:7      | Found a staircase to the Ecumenical Temple.
  8348 | D:7      | Reached skill level 10 in Short Blades
  8636 | D:7      | Found Wuotiosh's General Store.
  8660 | D:7      | Found a stormy altar of Qazlal.
  8660 | D:7      | Found a white marble altar of Elyvilon.
  8735 | D:7      | Found a blossoming altar of Fedhas.
  8773 | D:7      | Noticed an oklob plant
  8899 | D:8      | Reached * piety under Ashenzari
  9058 | D:8      | Found a sparkling altar of Nemelex Xobeh.
  9233 | D:8      | Found a glowing golden altar of the Shining One.
  9414 | D:8      | Reached skill level 1 in Evocations
  9694 | D:9      | Reached ** piety under Ashenzari
  9907 | D:9      | Found a burning altar of Makhleb.
 10134 | D:10     | Entered Level 10 of the Dungeon
 10181 | D:10     | Found an opulent altar of Gozag.
 10237 | D:10     | Reached skill level 5 in Evocations
 10255 | D:10     | Noticed Lodul
 10284 | D:10     | Killed Lodul
 10294 | D:10     | Reached XP level 11. HP: 68/68 MP: 17/17
 10358 | D:10     | Identified the blade talisman "Hoxocw" {rPois}
 10419 | D:10     | Found a staircase to the Orcish Mines.
 10492 | D:10     | Found a staircase to the Lair.
 10510 | D:10     | Reached skill level 10 in Dodging
 10791 | D:10     | Noticed Harold
 10805 | D:10     | Noticed Joseph
 10810 | D:10     | Killed Harold
 10823 | D:10     | Killed Joseph
 10893 | D:10     | Noticed Grum
 10931 | D:10     | Killed Grum
 10972 | D:10     | Reached *** piety under Ashenzari
 11421 | D:11     | Reached skill level 10 in Stealth
 11446 | D:11     | Noticed a centaur warrior
 11454 | D:11     | Killed a centaur warrior
 11716 | D:11     | Found Matowisch's Antique Weapon Shoppe.
 11721 | D:11     | Bought a runed quick blade for 630 gold pieces
 11795 | D:11     | Reached **** piety under Ashenzari
 11966 | D:11     | Reached XP level 12. HP: 77/77 MP: 20/20
 12106 | D:11     | Noticed a boulder beetle
 12107 | D:11     | Killed a boulder beetle
 12375 | Lair:1   | Entered Level 1 of the Lair of Beasts
 12473 | Lair:1   | Reached skill level 5 in Earth Magic
 12555 | Lair:1   | Reached skill level 5 in Spellcasting
 12964 | Lair:1   | Noticed Gastronok
 12968 | Lair:1   | Killed Gastronok
 13456 | Lair:2   | Reached XP level 13. HP: 82/82 MP: 24/24
 13577 | Lair:2   | Noticed a five-headed hydra
 13577 | Lair:2   | Killed a five-headed hydra
 13640 | Lair:2   | Found a staircase to the Swamp.
 13660 | Lair:2   | Found a hole to the Spider Nest.
 15521 | Lair:4   | Identified the Textbook on Topological Astrapomancy
 15862 | Lair:4   | Found a viscous altar of Jiyva.
 15867 | Lair:4   | Found a staircase to the Slime Pits.
 15913 | Lair:4   | Noticed Urug
 15991 | Lair:4   | Noticed Sonja
 15996 | Lair:4   | Killed Sonja
 16002 | Lair:4   | Found a runed translucent door.
 16015 | Lair:4   | Noticed a seven-headed hydra
 16026 | Lair:4   | Killed a seven-headed hydra
 16027 | Lair:4   | Reached skill level 15 in Dodging
 16027 | Lair:4   | Reached XP level 14. HP: 49/87 MP: 25/25
 16233 | Lair:4   | Noticed a dire elephant
 16251 | Lair:4   | Killed a dire elephant
 16442 | Lair:4   | Killed Urug
 16628 | Lair:5   | Entered Level 5 of the Lair of Beasts
 17034 | Lair:5   | Reached skill level 10 in Armour
 18225 | Lair:5   | Reached skill level 1 in Shields
 18225 | Lair:5   | Reached XP level 15. HP: 88/97 MP: 26/26
 18303 | Lair:5   | Found a corrupted altar of Lugonu.
 18304 | Lair:5   | Found a one-way gate to the infinite horrors of the Abyss.
 19112 | D:12     | Found a runed translucent door.
 19120 | D:12     | Noticed Miapteck's ghost (journeyman DsCK)
 19120 | D:12     | Identified the +5 spear "Raivveph" {drain, Str+3}
 19158 | D:12     | Killed Miapteck's ghost
 19286 | D:12     | Reached skill level 5 in Shields
 19619 | D:12     | Reached ***** piety under Ashenzari
 19897 | D:13     | Reached skill level 15 in Short Blades
 19927 | D:13     | Found a gate to the Vaults.
 19927 | D:13     | Noticed an ironbound preserver
 19940 | D:13     | Killed an ironbound preserver
 21752 | D:15     | Entered Level 15 of the Dungeon
 21861 | D:15     | Reached XP level 16. HP: 96/106 MP: 29/29
 22023 | D:15     | Noticed Nessos
 22027 | D:15     | Killed Nessos
 22763 | D:15     | Found a staircase to the Depths.
 22902 | Orc:1    | Entered Level 1 of the Orcish Mines
 23034 | Orc:2    | Entered Level 2 of the Orcish Mines
 23404 | Orc:1    | Found Imyogox's Weapon Shoppe.
 23520 | Orc:1    | Found a runed translucent gate.
 23520 | Orc:1    | Found a runed translucent gate.
 23520 | Orc:1    | Found a runed translucent gate.
 23527 | Orc:1    | Noticed Dootley's ghost (journeyman FoFi)
 23531 | Orc:1    | Killed Dootley's ghost
 23735 | Orc:2    | Found a staircase to the Elven Halls.
 23839 | Orc:2    | Found a shimmering altar of Xom.
 24229 | Orc:2    | Found Jeopt's Weapon Emporium.
 24229 | Orc:2    | Found Zegaetti's Magic Scroll Boutique.
 24282 | Orc:2    | Found Duzun's General Store.
 24282 | Orc:2    | Found Ygubid's Book Boutique.
 24288 | Orc:2    | Bought a scroll of teleportation for 30 gold pieces
 24288 | Orc:2    | Bought a scroll of teleportation for 30 gold pieces
 24288 | Orc:2    | Bought a potion of enlightenment for 50 gold pieces
 24288 | Orc:2    | Bought 2 potions of mutation for 160 gold pieces
 24291 | Orc:2    | Bought a scroll of teleportation for 45 gold pieces
 24291 | Orc:2    | Bought 3 scrolls of enchant armour for 337 gold pieces
 24506 | Swamp:1  | Entered Level 1 of the Swamp
 25450 | Swamp:2  | Identified the +8 chain mail of Opaniuni {Regen+}
 25667 | Swamp:2  | Learned a level 3 spell: Confusing Touch
 25948 | Swamp:3  | Reached XP level 17. HP: 109/109 MP: 29/29
 25993 | Swamp:3  | Reached skill level 5 in Hexes
 26319 | Swamp:4  | Entered Level 4 of the Swamp
 26639 | Swamp:4  | Noticed a tentacled monstrosity
 26657 | Swamp:4  | Killed a tentacled monstrosity
 27040 | Swamp:3  | Reached skill level 15 in Stealth
 27050 | Swamp:4  | Reached skill level 10 in Fighting
 27306 | Swamp:4  | Got a decaying rune of Zot
 27440 | Spider:1 | Entered Level 1 of the Spider Nest
 27831 | Spider:1 | Reached XP level 18. HP: 120/120 MP: 27/30
 28077 | Spider:2 | Noticed Arachne
 28081 | Spider:2 | Killed Arachne
 29115 | Spider:3 | Reached skill level 15 in Fighting
 29558 | Spider:3 | Paralysed by a jorogumo for 1 turns
 29947 | Spider:4 | Entered Level 4 of the Spider Nest
 30827 | Spider:4 | Reached XP level 19. HP: 116/132 MP: 32/32
 31497 | Spider:4 | Reached skill level 10 in Shields
 31680 | Spider:4 | Got a gossamer rune of Zot
 31975 | Elf:1    | Entered Level 1 of the Elven Halls
 32011 | Elf:1    | Paralysed by an air elemental for 1 turns
 32015 | Elf:1    | Paralysed by an air elemental for 1 turns
 32429 | Elf:1    | Noticed Zenata
 32430 | Elf:1    | Killed Zenata
 32729 | Elf:1    | Identified the +1 scale mail "Xatwudag" {Rampage ^Drain
                  | Str-4 SInv}
 32956 | Elf:1    | Identified the +0 long sword of Chagrin {drain, rN+ rCorr}
 33605 | Elf:2    | Paralysed by an air elemental for 1 turns
 33689 | Elf:2    | Found a portal to a secret trove of treasure.
 33710 | Elf:2    | You paid a toll of 4 scrolls of blinking to enter a
                  | treasure trove
 33711 | Trove    | Entered a treasure trove
 33714 | Trove    | Identified the +10 broad axe of Blind Justice {flame,
                  | Will+}
 33717 | Trove    | Identified the +5 orcbow "Xudaeh" {elec, rPois rN+ Will-
                  | rCorr}
 33719 | Trove    | Found the +7 Spriggan's Knife {stab, EV+4 Stlth+}
 33719 | Trove    | Identified the +4 quick blade of the Fray {pain, rN+}
 33724 | Trove    | Identified the +5 short sword of Instant Death {holy,
                  | Dex+5}
 34238 | Elf:2    | Found a huge runed translucent gate.
 34238 | Elf:2    | Found a huge runed translucent gate.
 34238 | Elf:2    | Found a huge runed translucent gate.
 34243 | Elf:2    | Found a huge runed translucent gate.
 34247 | Elf:2    | Found a huge runed translucent gate.
 34528 | Elf:2    | Reached XP level 20. HP: 139/139 MP: 33/33
 34997 | Elf:3    | Entered Level 3 of the Elven Halls
 35179 | Elf:3    | Found Qorph's Antique Weapon Shoppe.
 35577 | Elf:3    | Identified a scroll of acquirement
 35583 | Elf:3    | Acquired the +1 pair of boots of Enarriesh {Str+3}
 36367 | Elf:3    | Identified the staff "Necaenk" {rCorr SInv Ice Earth}
 36473 | Elf:3    | Identified Sif Muna's Octavo of Roasted Contamination
 36474 | Elf:3    | Identified the +1 pair of gloves "Bupabaigen" {Str+3 Dex+4}
 36474 | Elf:3    | Identified the +1 leather armour of Lugonu's Pride {Dex+4}
 36474 | Elf:3    | Identified the ring "Ohoegay" {rPois rN+ Will+ Stlth+}
 36578 | Elf:3    | Identified the +0 great sword "Bobikunu" {drain, Dex+4}
 36578 | Elf:3    | Identified the +2 cloak of Alusyara {Str-5 Int+5 Dex+3}
 36596 | Elf:3    | Learned a level 5 spell: Silence
 36876 | Vaults:1 | Entered Level 1 of the Vaults
 36883 | Vaults:1 | Reached skill level 1 in Air Magic
 37198 | Vaults:1 | Reached XP level 21. HP: 137/137 MP: 31/31
 37250 | Vaults:1 | Reached skill level 5 in Air Magic
 37888 | Vaults:1 | Found Deoklid's Magic Scroll Shop.
 37893 | Vaults:1 | Bought a scroll of summoning for 161 gold pieces
 37893 | Vaults:1 | Bought a scroll of enchant weapon for 127 gold pieces
 38873 | Vaults:2 | Noticed Mennas
 38919 | Vaults:2 | Killed Mennas
 39963 | Vaults:2 | Reached skill level 10 in Hexes
 40106 | Vaults:2 | Noticed Donald
 40109 | Vaults:2 | Reached skill level 10 in Air Magic
 40112 | Vaults:2 | Killed Donald
 40236 | Vaults:2 | Reached XP level 22. HP: 144/144 MP: 32/32
 41005 | Vaults:3 | Found a staircase to the Crypt.
 41114 | Vaults:3 | Found Pounlo's Weapon Shoppe.
 43286 | Vaults:4 | Reached XP level 23. HP: 160/160 MP: 33/33
 44156 | Vaults:5 | Entered Level 5 of the Vaults
 44805 | Vaults:5 | Found Emia's Magic Scroll Shoppe.
 44862 | Vaults:5 | Bought a scroll of teleportation for 42 gold pieces
 44862 | Vaults:5 | Bought a scroll of fog for 56 gold pieces
 45351 | Vaults:5 | Identified the Disquisition on Guile and the Entourage
 45657 | Vaults:5 | Noticed an ancient lich
 45659 | Vaults:5 | Killed an ancient lich
 45802 | Vaults:5 | Identified the +7 mace "Ebuoruim" {freeze, rPois rF+ Str+3
                  | Int+3}
 45918 | Vaults:5 | Noticed a golden dragon
 45934 | Vaults:5 | Killed a golden dragon
 45963 | Vaults:5 | Identified the +6 spear "Wowiclop" {freeze, rPois Int-5
                  | Dex+2 Stlth+}
 45977 | Vaults:5 | Reached XP level 24. HP: 169/169 MP: 32/35
 46424 | Vaults:5 | Got a silver rune of Zot
 47207 | Vaults:5 | Noticed a dread lich
 47210 | Vaults:5 | Killed a dread lich
 47700 | Depths:1 | Entered Level 1 of the Depths
 47886 | Depths:1 | Found Kaleuxowk's Weapon Boutique.
 48077 | Depths:1 | Noticed a juggernaut
 48077 | Depths:1 | Identified the amulet "Quzehe" {Harm rPois Regen+ Dex-5
                  | Slay+5}
 48080 | Depths:1 | Killed a juggernaut
 48374 | Depths:1 | Found a sacrificial altar of Ru.
 48456 | Depths:1 | Found a gateway to Hell.
 48495 | Depths:1 | Noticed Bai Suzhen
 48497 | Depths:1 | Killed Bai Suzhen
 48678 | Depths:1 | Found a corrupted altar of Lugonu.
 48777 | Depths:1 | Noticed Mara
 48781 | Depths:1 | Killed Mara
 48782 | Depths:1 | Reached XP level 25. HP: 178/178 MP: 32/36
 48837 | Depths:1 | Found a one-way gateway to a ziggurat.
 49136 | Depths:1 | Found a one-way gate leading to the halls of Pandemonium.
 49592 | Depths:2 | Reached ****** piety under Ashenzari
 49593 | Depths:2 | Found a stormy altar of Qazlal.
 50153 | Depths:2 | Identified the +5 halberd "Riadoqer" {flame, *Noise rPois
                  | Will+ Int+7}
 50218 | Depths:2 | Noticed a caustic shrike
 50224 | Depths:2 | Killed a caustic shrike
 51041 | Depths:3 | Found a large runed translucent door.
 51041 | Depths:3 | Found a large runed translucent door.
 51525 | Depths:3 | Identified the +1 robe of Distant Shores {Int+3 Slay+3}
 51528 | Depths:3 | Noticed a juggernaut
 51530 | Depths:3 | Killed a juggernaut
 52058 | Depths:3 | Noticed cdecastro's ghost (adept HuIE)
 52058 | Depths:3 | Identified the +1 ring mail "Icaol" {Harm rC+ Str+4}
 52062 | Depths:3 | Killed cdecastro's ghost
 52089 | Depths:4 | Entered Level 4 of the Depths
 52269 | Depths:4 | Found an ornate altar of the Wu Jian Council.
 52532 | Depths:4 | Noticed Sojobo
 52546 | Depths:4 | Killed Sojobo
 52547 | Depths:4 | Reached XP level 26. HP: 184/184 MP: 32/36
 53296 | Depths:4 | Found a gate to the Realm of Zot.
 53467 | Depths:4 | Identified the +7 shadow dragon scales of Lethargy
                  | {*Corrode +Inv rN+++ Int+3 Stlth++++}
 53818 | Zot:1    | Entered Level 1 of the Realm of Zot
 56512 | Zot:3    | Reached XP level 27. HP: 197/197 MP: 30/36
 57020 | Zot:3    | Identified the Tome of the Flinty Panacea
 57453 | Zot:4    | Noticed an orb of fire
 57453 | Zot:4    | Killed an orb of fire
 57477 | Zot:4    | Found a transporter.
 57768 | Zot:4    | Identified the +0 chain mail "Xarun" {Int+5 Stlth+}
 57783 | Zot:4    | Noticed Parghit
 57803 | Zot:4    | Killed Parghit
 58068 | Zot:4    | Identified the Grimoire of Feathers and Confrontation
 58420 | Zot:4    | Noticed an orb of fire
 58422 | Zot:4    | Killed an orb of fire
 58877 | Zot:4    | Found a transporter.
 59115 | Zot:4    | Noticed Wukkuola's ghost (master DsGl)
 59261 | Zot:5    | Entered Level 5 of the Realm of Zot
 59386 | Zot:5    | Noticed an orb of fire
 59386 | Zot:5    | Killed an orb of fire
 59700 | Zot:5    | Noticed an orb of fire
 59703 | Zot:5    | Killed an orb of fire
 59956 | Zot:5    | Noticed a dread lich
 59972 | Zot:5    | Killed a dread lich
 60126 | Zot:5    | Noticed an orb of fire
 60128 | Zot:5    | Noticed a Killer Klown
 60135 | Zot:5    | Killed a Killer Klown
 60138 | Zot:5    | Gained mutation: You occasionally lose the ability to drink
                  | potions when taking damage. [an orb of fire]
 60150 | Zot:5    | Killed an orb of fire
 60151 | Zot:5    | Reached skill level 15 in Armour
 60272 | Zot:5    | Noticed a Killer Klown
 60290 | Zot:5    | Killed a Killer Klown
 60330 | Zot:5    | Noticed an ancient lich
 60353 | Zot:5    | Killed an ancient lich
 60392 | Zot:5    | Noticed a Killer Klown
 60405 | Zot:5    | Killed a Killer Klown
 60448 | Zot:5    | Noticed an orb of fire
 60449 | Zot:5    | Noticed a Killer Klown
 60471 | Zot:5    | Killed a Killer Klown
 60513 | Zot:5    | Noticed a Killer Klown
 60514 | Zot:5    | Killed an orb of fire
 60519 | Zot:5    | Killed a Killer Klown
 60605 | Zot:5    | Got the Orb of Zot
 61259 | D:$      | Escaped with the Orb!

Illustrated notes

Levels and vault maps discovered:
D:1:      amcnicky_arrival_abandoned_market, layout_loops_ring, serial_shops,
          shop, shapermc_ecumenical_altar_mp_highgroup, st_stairs_14,
          minmay_misc_feat_chi
D:2:      layout_loops_ring, serial_shops, nicolae_book_shop_shelving,
          minivault_4
D:3:      layout_basic, grunt_decor_junction, nicolae_goblin_pals
D:4:      layout_rooms, overflow_temple_1_default, okawaru_altar_gauntlet_db
D:5:      layout_rooms, kennysheep_dice
D:6:      layout_rooms, vehumet_statue, serial_curves, eino_curves_01,
          eino_curves_01, serial_shops, shop, uniq_sigmund
D:7:      layout_basic, evilmike_ruin_ashenzari, tgw_fedhas,
          gammafunk_temple_overflow_wave, minmay_temple_entry_slanted,
          serial_shops, shop, lightli_orcish_oven
D:8:      layout_cave_pools, mainiacjoe_overflow_catwalk,
          nemelex_xobeh_ov_fountains_minmay, enter_bailey_1,
          minmay_fire_ice_demons
D:9:      layout_basic, bloody_makhleb, minmay_misc_feat_tower,
          nicolae_two_hexagons
D:10:     layout_roguey, grunt_gozag_statues, david_lair_shrubbed, serial_bayou,
          serial_bayou_lake_a, serial_bayou_ford_a, serial_bayou_pond_c,
          serial_bayou_pond_d, uniq_grum, uniq_joseph, uniq_harold, uniq_lodul
D:11:     layout_gridville, serial_shops, nicolae_square_shop
D:12:     layout_roguey, ebering_ghost_funeral_grove
D:13:     layout_loops_ring, skrybe_vaults_entry_preservation, evilmike_butchery
D:14:     layout_stronghold
D:15:     grunt_enter_depths_magical_seal, layout_irregular_city,
          minmay_misc_feat_pillars, uniq_nessos
Lair:1:   layout_concentric_octagons, uniq_gastronok
Lair:2:   layout_gridlike, swamp_mist_pool, spider_nest_entry_rubble,
          grunt_megastairs_5
Lair:3:   layout_cave_pods
Lair:4:   mu_elephants_graveyard, layout_regular_city,
          minmay_slime_entry_oklob_open, pf_torpor_hydra, uniq_urug, uniq_sonja
Lair:5:   hellmonk_lair_end_abyssal_woods, layout_gridlike
Swamp:1:  layout_basic_swamp, nicolae_swamp_tree_isthmus
Swamp:2:  layout_falls_marsh, serial_swamp_ruin, evilmike_swamp_ruin_rubble_2,
          hangedman_swamp_ruin_wall, evilmike_swamp_ruin_wall, swamp_pool_1_2
Swamp:3:  layout_basic_swamp, hangedman_swamp_pad
Swamp:4:  swamp, layout_basic_swamp
Spider:1: layout_spider_delve
Spider:2: layout_spider_delve, uniq_arachne
Spider:3: lemuel_spider_zombies
Spider:4: hellmonk_spider_rune_endless_swarm
Orc:1:    layout_caves, ebering_ghost_rock_garden, serial_shops,
          nicolae_shop_bloodbath_and_beyond
Orc:2:    grunt_orc_tribal_feast, layout_diamond_mine, regret_index_xom_of_box
Elf:1:    eino_elf_arrival_shootout, layout_loops_corners,
          nicolae_elf_blasts_and_bolts, uniq_zenata
Elf:2:    elven_hall_of_blades_hangedman_alternative
          [infiniplex_blade_entry_pillars], layout_onion_city, enter_trove_2
Elf:3:    elf_hall_gauntlet_narrow, layout_geoelf_castle, serial_shops,
          nicolae_shop_trees
Vaults:1: nicolae_vaults_closet_pinwheel_5, ontoclasm_vaults_decontamination,
          nicolae_vaults_sesquioval_fish, nicolae_vaults_spaceships,
          ontoclasm_vaults_gateway, nicolae_vaults_closet_pinwheel_5,
          dpeg_vaults_monster_row, dpeg_vaults_monster_box,
          layout_vaults_omnigrid, serial_shops, shop
Vaults:2: ontoclasm_vaults_spin, nicolae_vaults_big_ls, ontoclasm_vaults_eye,
          nicolae_vaults_theta, vaults_room_door_hall,
          nicolae_vaults_frosty_reception, vaults_room_door_ring,
          v_alt_pattern_5, st_eye, vaults_mumra_lcd, vaults_dpeg_encased_lava,
          layout_vaults_big_cross, uniq_donald, uniq_mennas
Vaults:3: nicolae_vaults_network_square, ontoclasm_vaults_chip,
          nicolae_vaults_network_star, ontoclasm_vaults_misaligned,
          ontoclasm_vaults_hangar, nicolae_vaults_network_periphery,
          nicolae_vaults_taking_the_gang_shopping, vaults_room_corners,
          minmay_crypt_entry_simple_walls, vaults_mumra_chevron_long,
          nicolae_vaults_tetromino_Z_2, nicolae_vaults_tetromino_Z_1,
          dpeg_vaults_hating_casters, layout_vaults_maze_bifur
Vaults:4: nicolae_vaults_yaktaur_gun_rack, nicolae_vaults_storage_closets_3,
          nicolae_vaults_twisting_passages, v_misc_24,
          nicolae_vaults_security_offices_1, v_misc_14,
          nicolae_vaults_tetromino_L_2, nicolae_vaults_stairing_the_circle,
          nicolae_vaults_border_crossing, hangedman_vaults_slice,
          layout_vaults_big_room
Vaults:5: serial_shops
Depths:1: layout_gridville, enter_ziggurat_c, serial_shops,
          nicolae_shop_pleasant_corner_grove, rand_demon_pan_entry_5,
          nicolae_ru_path_of_blood, abyss_entry_flame_altar, hell_entry,
          amcnicky_mini_corridor_feature, dreamdust_wishing_well,
          grunt_potential, uniq_bai_suzhen, uniq_mara
Depths:2: minmay_the_grid_triangle_9x9_rhombus_thin_mashed
          [minmay_the_grid_triangle_9x9_impossible_snake,
          minmay_the_grid_triangle_9x9_prize_top_heavy,
          minmay_the_grid_triangle_9x9_sprig,
          minmay_the_grid_triangle_9x9_minimal], layout_honeycomb, hell_entry,
          nicolae_abyss_entry_one_way_or_another, pan_entry, grunt_qazlal_clouds
Depths:3: minmay_triangles_in_corner, layout_honeycomb, hell_entry,
          ebering_ghost_disaster_area, hangedman_abyss_entry_splay,
          minmay_staircase_statues, nicolae_titane
Depths:4: evilmike_zot_entry_hall, layout_gridlike, abyss_entry,
          hangedman_geh_valley, chequers_serial_rivers_room_a,
          grunt_pan_entry_in_and_out, minmay_misc_feat_four_crosses,
          pdpol_wu_jian_five_deadly_venoms, uniq_sojobo, uniq_grunn
Zot:1:    layout_basic, regret_index_zotdec_gossamer_parallel, st_stairs_9,
          grunt_megastairs_2
Zot:2:    layout_gridlike, bh_zot_ikea_curve, grunt_ministairs_2, st_stairs_12
Zot:3:    layout_basic, st_small_dragon_hoard_1
Zot:4:    layout_gridlike, regret_index_zotdec_golden_two_three,
          gammafunk_ghost_abyssal_escape, hellmonk_greenhouse_of_terror,
          uniq_parghit
Zot:5:    layout_twisted_circle

Skill      XL: |  1  2  3  4  5  6  7  8  9 10 11 12 13 14 15 16 17 18 19 20 21 22 23 24 25 26 27 |
---------------+----------------------------------------------------------------------------------+-----
Short Blades   | 1 2 4 6 7 8 10 13 14 16 19 21 23 24 | 24.4
Fighting       | 1 3 7 9 12 15 19 21 23 24 | 24.0
Stealth        | 3 5 10 11 15 16 21 22 | 22.8
Hexes          | 1 2 4 6 10 | 10.1
Ice Magic      | 2 |  2.2
Dodging        | 3 5 7 10 15 16 19 21 23 | 23.5
Armour         | 5 6 10 16 | 16.3
Throwing       | 3 4 |  4.2
Evocations     | 5 |  5.0
Earth Magic    | 5 |  5.0
Spellcasting   | 5 6 |  6.3
Shields        | 1 5 8 10 12 | 12.1
Air Magic      | 4 10 | 10.0
Conjurations   | |  1.0
Summonings     | |  1.0
Translocations | |  1.0

Action                     |  1- 3 |  4- 6 |  7- 9 | 10-12 | 13-15 | 16-18 | 19-21 | 22-24 | 25-27 || total
---------------------------+-------+-------+-------+-------+-------+-------+-------+-------+-------++-------
  Melee: Dagger            |    63 |    47 |       |       |       |       |       |       |       ||   110
         Short sword       |    12 |    84 |   328 |   519 |       |       |       |       |       ||   943
         Punch             |     1 |     1 |     4 |     4 |    20 |       |       |       |       ||    30
         Quick blade       |       |       |       |    75 |  1660 |  2335 |   558 |       |       ||  4628
         Rapier            |       |       |       |       |       |       |  1218 |  1681 |  1590 ||  4489
  Throw: Boomerang         |     1 |       |     1 |       |       |       |       |       |       ||     2
         Throwing net      |       |     1 |     1 |       |       |       |     3 |       |     2 ||     7
         Dart              |       |       |       |       |     1 |     5 |     2 |     7 |    11 ||    26
   Cast: Magic Dart        |    71 |    46 |     1 |       |       |       |       |       |       ||   118
         Ensorcelled Hiber |       |    13 |       |       |       |       |       |       |       ||    13
         Passwall          |       |       |       |       |     4 |    28 |    17 |    12 |    55 ||   116
         Silence           |       |       |       |       |       |       |    17 |    91 |    82 ||   190
 Invoke: Curse Item        |       |       |       |     7 |     2 |     1 |     1 |     3 |     2 ||    16
         Shatter the Chain |       |       |       |       |     1 |     1 |     2 |     1 |     1 ||     6
  Evoke: Wand              |       |       |     1 |       |     1 |       |     1 |     1 |     7 ||    11
         Tin of tremorston |       |       |       |       |       |       |     2 |     2 |       ||     4
         Phantom mirror    |       |       |       |       |       |       |       |     1 |       ||     1
         Sack of spiders   |       |       |       |       |       |       |       |       |     2 ||     2
    Use: Potion            |     2 |     2 |       |       |     1 |     4 |     3 |     2 |     6 ||    20
         Scroll            |     3 |     1 |     1 |     5 |     4 |    12 |    13 |     3 |     2 ||    44
   Stab: Sleeping          |     6 |    18 |    14 |    26 |    54 |   115 |   108 |   150 |   202 ||   693
         Distracted        |       |     2 |     1 |       |     9 |     7 |    12 |     6 |     4 ||    41
         Held in net/web   |       |     1 |       |       |     1 |       |     4 |       |     1 ||     7
         Invisible         |       |       |       |       |       |     1 |       |       |     4 ||     5
 Armour: Robe              |    33 |    49 |    14 |       |       |       |       |       |       ||    96
         Scale mail        |       |       |   151 |   182 |   441 |   132 |       |       |       ||   906
         Swamp dragon scal |       |       |       |       |       |   434 |   255 |   174 |   219 ||  1082
  Dodge: Dodged            |    64 |    97 |   159 |   240 |   697 |  1418 |   730 |   661 |   711 ||  4777
  Block: Buckler           |       |       |       |       |   109 |   647 |   388 |   329 |       ||  1473
         Reflection        |       |       |       |       |     1 |     6 |    23 |    22 |       ||    52
         Kite shield       |       |       |       |       |       |       |       |   169 |   656 ||   825
